 Dungeon Sprint DCSS version 0.27.1 (webtiles) character file.

Game seed: 17871948413312571848

6239 styxcanada the Imperceptible (level 10, 0/56 HPs)
             Began as a Spriggan Brigand on Sept 3, 2021.
             Was an Initiate of Gozag.
             Slain by Agnes (34 damage)
             ... in the Dungeon (Sprint IV: "Fedhas' Mad Dash").
             The game lasted 00:10:38 (1350 turns).

styxcanada the Imperceptible (Spriggan Brigand)     Turns: 1350, Time: 00:10:38

Health: 0/56       AC:  3    Str: 13    XL:     10   Next: 62%
Magic:  11/11      EV: 27    Int: 12    God:    Gozag
Gold:   2048       SH:  0    Dex: 21    Spells: 9/9 levels left

rFire    . . .     SeeInvis +   n - +2 dagger (vamp)
rCold    . . .     Faith    .   (shield restricted)
rNeg     . . .     Spirit   .   b - +0 robe
rPois    .         Reflect  .   (helmet restricted)
rElec    .         Harm     .   c - +0 cloak
rCorr    .         Rampage  .   (gloves unavailable)
Will     +....     NoTele   +   (boots unavailable)
Stlth    ++++++++++             l - amulet of invisibility {+Inv}
HPRegen  0.18/turn              p - +6 ring of strength
MPRegen  0.12/turn              (no ring)

@: very slightly contaminated, very quick
A: very small, no large weapons, unfitting armour, see invisible, speed 3
a: Renounce Religion, Evoke Invisibility, Potion Petition, Call Merchant, Bribe
Branch


You were in the Dungeon.
You worshipped Gozag.
Gozag was most pleased with you.
You visited 1 branch You collected 2235 gold pieces.
You spent 187 gold pieces at shops.

Inventory:

Hand Weapons
 a - a +2 dagger
 n - a +2 vampiric dagger (weapon)
 q - the +2 scimitar of the Six People {vorpal, rF+ Int+2 Dex+3}
   (You found it in the Dungeon)

   It inflicts extra damage upon your enemies.
   Int:       It affects your intelligence (+2).
   Dex:       It affects your dexterity (+3).
   rF:        It protects you from fire.
Missiles
 d - a poisoned dart (quivered)
 s - 16 sling bullets
Armour
 b - a +0 robe (worn)
 c - a +0 cloak (worn)
 r - +0 ice dragon scales
Jewellery
 l - the amulet of invisibility (around neck) {+Inv}
   (You found it in the Dungeon)

   [amulet of nothing]

   +Inv:      It lets you turn invisible.
 p - a +6 ring of strength (left hand)
Scrolls
 k - 3 scrolls of blinking
 o - a scroll of vulnerability
 t - a scroll of enchant armour {unknown}
 u - a scroll of torment {unknown}
Potions
 f - a potion of curing
 g - a potion of heal wounds
 h - a potion of haste
 i - 2 potions of magic
 m - a potion of cancellation
 v - a potion of lignification {unknown}


   Skills:
 * Level 7.6 Fighting
 + Level 6.0 Short Blades
 + Level 6.0 Throwing
 * Level 11.8 Dodging
 * Level 26.2 Stealth
 + Level 9.8 Evocations


You had 9 spell levels left.
You didn't know any spells.
Your spell library contained the following spells:

 Spells                   Type           Power      Damage    Failure   Level
 Beastly Appendage        Tmut           0%         N/A       32%         1
 Wereblood                Tmut           0%         N/A       45%         2
 Spider Form              Tmut/Pois      0%         N/A       69%         3
 Fireball                 Conj/Fire      0%         3d3       100%        5
 Starburst                Conj/Fire      0%         6d3       100%        6
 Ignition                 Fire           0%         3d3       100%        8


Dungeon Overview and Level Annotations

Branches:
Dungeon (1/1)

Altars:
Cheibriados
Dithmenos
Elyvilon
Gozag
Hepliaklqana
Kikubaaqudgha
Makhleb
Nemelex Xobeh
Okawaru
Qazlal
Ru
Sif Muna
Trog
Uskayaw
Vehumet
Wu Jian
Xom
Yredelemnul
Zin
The Shining One
Beogh
Jiyva
Lugonu

Shops:
D [([[???

Annotations:
D Agnes


Innate Abilities, Weirdness & Mutations

You are very small and have problems with some larger weapons.
You are too small for most types of armour.
You have supernaturally acute eyesight. (SInv)
You cover ground extremely quickly. (Speed+++)


Message History

You barely miss Agnes. Agnes closely misses you. x2
The helpless spriggan berserker fails to defend itself.
You stick the spriggan berserker like a pincushion!!!!!
You feel better.
You kill the spriggan berserker!
Agnes misses you.
Your Throwing skill increases to level 6!
Your Stealth skill increases to level 26!
There is an open door here.
There is an open door here.
You see here a poisoned dart.
Agnes is distracted by your dazzling golden aura.
You flicker for a moment.
Agnes is no longer distracted by gold.
You barely miss Agnes. Agnes completely misses you.
You closely miss Agnes. Agnes closely misses you.
Agnes hits you with a +1 lajatang of electrocution!!
You miss Agnes.
You flicker back into view.
Agnes misses you.
Agnes says, "You dishonour your ancestors."
Throw: dart (curare)
Press: ? - help, Q - select action, (/) - cycle Shift-Dir - straight line, f - Agnes
Aim: Agnes, wielding a +1 lajatang of electrocution and wearing a +2 robe of willpower (39% to hit)
You throw a curare-tipped dart.
The curare-tipped dart closely misses Agnes.
Agnes completely misses you.
You see here a +0 pair of gloves.
Agnes completely misses you.
There is an open door here.
Agnes bows.
There is an open door here.
Throw: 2 darts (poison)
Press: ? - help, Q - select action, (/) - cycle Shift-Dir - straight line, f/p - Agnes
Aim: Agnes, wielding a +1 lajatang of electrocution and wearing a +2 robe of willpower (39% to hit)
You throw a poisoned dart. The poisoned dart hits Agnes.
Agnes is poisoned.
Agnes hits you with a +1 lajatang of electrocution!!
Ouch! That really hurt!
You die...
Your body crumbles into a pile of gold.

##################
⌠.#..'.))#....##∩#
..'..#...#....'..# +#
..#..###'##.[[##∩#$$####
..#..##∩∩.'...#### ....#
⌠.#################...∩#
#######(.....###.....♣
#.'.('(.....['.i@.(♣
..#(.#.P.....#######
#.##'##......#
..#♣.♣########
###.....####
#..♣..♣....#
$.♣......♣..
...♣.....∩.∩
############


You could see Agnes (poisoned).

Vanquished Creatures
  A spriggan berserker (D)
  A spriggan druid (D)
  6 oklob plants (D)
  3 burning bushes (D)
  A queen bee (D)
  3 wandering mushrooms (D)
  A hornet (D)
  3 scorpions (D)
  4 killer bees (D)
  5 oklob saplings (D)
  5 spriggans (D)
  A river rat (D)
  A rat (D)
  A ballistomycete spore (D)
36 creatures vanquished.

Vanquished Creatures (others)
  2 fungi (D)
2 creatures vanquished.

Grand Total: 38 creatures vanquished

Notes
Turn   | Place    | Note
-------+----------+-------------------------------------------
     0 | D        | styxcanada the Spriggan Brigand began the quest for the
                  | Orb.
     0 | D        | Reached XP level 1. HP: 10/10 MP: 2/2
    21 | D        | Reached skill level 8 in Stealth
    21 | D        | Reached XP level 2. HP: 5/15 MP: 3/3
   228 | D        | Noticed an oklob sapling
   230 | D        | Killed an oklob sapling
   231 | D        | Reached skill level 10 in Stealth
   231 | D        | Reached XP level 3. HP: 18/18 MP: 4/4
   232 | D        | Noticed a scorpion
   232 | D        | Found the amulet of invisibility {+Inv}
   248 | D        | Killed a scorpion
   249 | D        | Reached skill level 12 in Stealth
   249 | D        | Reached XP level 4. HP: 23/23 MP: 5/5
   285 | D        | Found an opulent altar of Gozag.
   285 | D        | Found a hazy altar of Hepliaklqana.
   285 | D        | Found a burning altar of Makhleb.
   285 | D        | Found a sparkling altar of Nemelex Xobeh.
   285 | D        | Found a snail-covered altar of Cheibriados.
   285 | D        | Found a sacrificial altar of Ru.
   285 | D        | Found a shimmering blue altar of Sif Muna.
   285 | D        | Found a shimmering altar of Xom.
   285 | D        | Found a basalt altar of Yredelemnul.
   286 | D        | Found a viscous altar of Jiyva.
   286 | D        | Found a bloodstained altar of Trog.
   286 | D        | Found an ornate altar of the Wu Jian Council.
   287 | D        | Found an iron altar of Okawaru.
   287 | D        | Found a shadowy altar of Dithmenos.
   287 | D        | Found a glowing silver altar of Zin.
   288 | D        | Found an ancient bone altar of Kikubaaqudgha.
   288 | D        | Found a hide-covered altar of Uskayaw.
   289 | D        | Found a stormy altar of Qazlal.
   289 | D        | Found a white marble altar of Elyvilon.
   289 | D        | Found a glowing golden altar of the Shining One.
   290 | D        | Became a worshipper of Gozag Ym Sagoz the Greedy
   291 | D        | Found a corrupted altar of Lugonu.
   291 | D        | Found a radiant altar of Vehumet.
   295 | D        | Reached skill level 13 in Stealth
   295 | D        | Reached XP level 5. HP: 28/28 MP: 3/6
   333 | D        | Reached skill level 5 in Dodging
   333 | D        | Reached skill level 14 in Stealth
   339 | D        | Reached skill level 1 in Evocations
   340 | D        | Reached skill level 15 in Stealth
   340 | D        | Reached XP level 6. HP: 33/33 MP: 4/7
   371 | D        | Found Queblop's Antique Weapon Shop.
   372 | D        | Found Muduez's Antique Armour Emporium.
   378 | D        | Bought a runed dagger for 135 gold pieces
   398 | D        | Noticed a burning bush
   398 | D        | Noticed a wandering mushroom
   399 | D        | Noticed a wandering mushroom
   402 | D        | Killed a burning bush
   403 | D        | Reached skill level 17 in Stealth
   403 | D        | Reached XP level 7. HP: 38/38 MP: 5/8
   403 | D        | Killed a wandering mushroom
   404 | D        | Reached skill level 18 in Stealth
   404 | D        | Killed a wandering mushroom
   405 | D        | Reached skill level 5 in Fighting
   405 | D        | Reached skill level 5 in Throwing
   405 | D        | Reached skill level 19 in Stealth
   407 | D        | Reached XP level 8. HP: 43/43 MP: 5/9
   418 | D        | Found Ibriph's Magic Scroll Shoppe.
   419 | D        | Found Lusoos's Magic Scroll Emporium.
   426 | D        | Bought a scroll of identify for 26 gold pieces
   426 | D        | Bought a scroll of identify for 26 gold pieces
   481 | D        | Noticed a queen bee
   489 | D        | Reached skill level 20 in Stealth
   506 | D        | Killed a queen bee
   640 | D        | Noticed an oklob plant
   643 | D        | Killed an oklob plant
   644 | D        | Reached skill level 21 in Stealth
   644 | D        | Reached skill level 5 in Evocations
   697 | D        | Noticed a burning bush
   700 | D        | Killed a burning bush
   701 | D        | Reached skill level 5 in Short Blades
   701 | D        | Reached skill level 22 in Stealth
   701 | D        | Reached XP level 9. HP: 48/48 MP: 7/10
   712 | D        | Identified the +2 scimitar of the Six People {vorpal, rF+
                  | Int+2 Dex+3}
   764 | D        | Noticed a burning bush
   764 | D        | Noticed an oklob plant
   765 | D        | Noticed a wandering mushroom
   766 | D        | Killed a burning bush
   771 | D        | Killed an oklob plant
   772 | D        | Reached skill level 10 in Dodging
   772 | D        | Reached skill level 23 in Stealth
   775 | D        | Killed a wandering mushroom
   842 | D        | Noticed a spriggan druid
   844 | D        | Killed a spriggan druid
   845 | D        | Reached skill level 24 in Stealth
   904 | D        | Noticed an oklob plant conjurer
   905 | D        | Killed an oklob plant conjurer
   973 | D        | Noticed an oklob plant
   973 | D        | Noticed an oklob plant summoner
   974 | D        | Noticed an oklob plant shifter
   978 | D        | Killed an oklob plant
   979 | D        | Reached XP level 10. HP: 53/53 MP: 8/11
   980 | D        | Killed an oklob plant summoner
   981 | D        | Reached skill level 25 in Stealth
   983 | D        | Killed an oklob plant shifter
  1169 | D        | Noticed a spriggan rider
  1170 | D        | Found Huti's Magic Scroll Emporium.
  1210 | D        | Killed a spriggan rider
  1239 | D        | Noticed Agnes
  1312 | D        | Found Hyutoom's Armour Emporium.
  1312 | D        | Noticed a spriggan berserker
  1314 | D        | Found Zec Xish's Armour Shoppe.
  1320 | D        | Killed a spriggan berserker
  1321 | D        | Reached skill level 26 in Stealth
  1350 | D        | Slain by Agnes

Illustrated notes

Levels and vault maps discovered:
D:        dungeon_sprint_fedhas [sprint_temple]

Skill      XL: |  1  2  3  4  5  6  7  8  9 10 |
---------------+-------------------------------+-----
Dodging        | 2 3 4 5 7 8 9 11 | 11.8
Stealth        | 8 10 12 13 15 17 19 22 24 26 | 26.2
Fighting       | 2 3 4 5 6 7 |  7.6
Throwing       | 3 4 5 6 |  6.0
Short Blades   | 3 4 5 6 |  6.0
Evocations     | 1 2 3 5 8 9 |  9.8

Action                   |  1- 3 |  4- 6 |  7- 9 | 10-12 || total
-------------------------+-------+-------+-------+-------++-------
Melee: Dagger            |     4 |     6 |    30 |    11 ||    51
Throw: Dart              |    10 |       |       |    15 ||    25
 Abil: Evoke Invisibilit |       |     3 |     7 |     2 ||    12
  Use: Scroll            |       |       |     2 |       ||     2
       Potion            |       |       |       |     1 ||     1
 Stab: Sleeping          |     2 |     6 |    12 |     3 ||    23
       Invisible         |       |       |     7 |       ||     7
Dodge: Dodged            |     5 |       |    17 |    23 ||    45
